 Dungeon Crawl Stone Soup version 0.18.1-48-g4cf74bf (webtiles) character file.

5085 Jerry the Arsonist (level 10, -1/75 HPs)
             Began as a Naga Fire Elementalist on Aug 23, 2016.
             Was an Initiate of Vehumet.
             Engulfed by a cloud of flame (19 damage)
             ... on level 9 of the Dungeon.
             The game lasted 01:15:53 (9970 turns).

Jerry the Arsonist (Naga Fire Elementalist)         Turns: 9970, Time: 01:15:54

Health: -1/75      AC:  6    Str: 12    XL:     10   Next: 57%
Magic:  20/20      EV: 10    Int: 18    God:    Vehumet [......]
Gold:   71         SH:  8    Dex: 11    Spells: 4 memorised, 9 levels left

rFire  . . .     SeeInvis +     o - +2 hunting sling
rCold  . . .     Gourm    .     a - +0 robe
rNeg   . . .     Faith    .     (no shield)
rPois  +         Spirit   .     r - +0 helmet
rElec  .         Dismiss  .     x - +0 cloak
rCorr  .         Reflect  +     (no gloves)
SustAt .         Harm     .     (no barding)
MR     ++...                    N - brooch of Shielding {Reflect SH+8}
Stlth  ++........               (no ring)
                                p - ring of protection from magic

@: very slow, very resistant to hostile enchantments, unstealthy
A: see invisible, deformed body, poison resistance, slowness 2, slow metabolism
1, spit poison 2, AC +3
a: Spit Poison, Renounce Religion


You were on level 9 of the Dungeon.
You worshipped Vehumet.
Vehumet was noncommittal.
You were hungry.

You visited 2 branches of the dungeon, and saw 10 of its levels.
You also visited: Bailey.

You collected 455 gold pieces.
You spent 384 gold pieces at shops.

Inventory:

Hand Weapons
 f - a +2 dagger of draining
 n - a +4 quarterstaff of chaos
 o - a +2 hunting sling (weapon)
Missiles
 e - 246 stones
 B - 7 sling bullets (quivered)
 I - 32 tomahawks of returning
Armour
 a - a +0 robe (worn)
 r - a +0 helmet (worn)
 x - a +0 cloak (worn)
 C - the +7 plate armour of the Three Eyes {+Blink rC- Str+3 Int+4}
   (You found it in a bailey)

   It affects your strength (+3).
   It affects your intelligence (+4).
   It makes you vulnerable to cold.
   It lets you blink.
Magical Staves
 l - an uncursed staff of poison
Jewellery
 p - a ring of protection from magic (left hand)
 N - the brooch of Shielding (around neck) {Reflect SH+8}
   (You bought it in a shop on level 8 of the Dungeon)

   [amulet of reflection]

   It shields you and reflects attacks.
   It affects your SH (+8).
Wands
 m - a wand of paralysis (18/24)
 A - a wand of disintegration (8/24)
Scrolls
 d - a scroll of fear
 g - 3 scrolls of remove curse
 j - a scroll of holy word
 q - 8 scrolls of identify
 t - a scroll of recharging
 u - 3 scrolls of teleportation
 y - 2 scrolls of enchant weapon
 G - a scroll of blinking
 K - 3 scrolls of enchant armour {unknown}
Potions
 h - a potion of ambrosia {unknown}
 i - 3 potions of agility
 k - 5 potions of curing
 s - 2 potions of magic
 z - 2 potions of beneficial mutation {unknown}
 D - a potion of cancellation
 F - 2 potions of lignification
 H - a potion of flight
 J - a potion of brilliance {unknown}
 L - a potion of might {unknown}
Books
 b - a book of Flames

   Spells                             Type                      Level
   a - Flame Tongue                   Conjuration/Fire             1
   b - Throw Flame                    Conjuration/Fire             2
   c - Conjure Flame                  Conjuration/Fire             3
   d - Inner Flame                    Hexes/Fire                   3
   e - Sticky Flame                   Conjuration/Fire             4
   f - Fireball                       Conjuration/Fire             5
 v - Sif Muna's Handbook of Enchantment
   (You found it on level 4 of the Dungeon)

   Spells                             Type                      Level
   a - Corona                         Hexes                        1
Comestibles
 c - 5 bread rations
 w - 4 meat rations
 E - a royal jelly
 M - a fruit


   Skills:
 - Level 1.5 Dodging
 - Level 3.0 Stealth
 - Level 7.3 Spellcasting
 + Level 9.5 Conjurations
 + Level 9.8 Fire Magic


You had 9 spell levels left.
You knew the following spells:

 Your Spells              Type           Power        Failure   Level  Hunger
b - Throw Flame           Conj/Fire      #####.       1%          2    None
c - Conjure Flame         Conj/Fire      #####...     1%          3    #......
d - Sticky Flame          Conj/Fire      #####...     1%          4    ###....
e - Fireball              Conj/Fire      #####.....   6%          5    #####..


Dungeon Overview and Level Annotations

Branches:
Dungeon (9/15)             Temple (1/1) D:6
   Lair: D:8-11         Orc: D:9-12

Altars:
Ashenzari
Cheibriados
Dithmenos
Elyvilon
Fedhas
Gozag
Kikubaaqudgha
Makhleb
Nemelex Xobeh
Okawaru
Pakellas
Qazlal
Ru
Sif Muna
Trog
Vehumet
Xom
Yredelemnul
Zin
The Shining One

Shops:
D:8 =


Innate Abilities, Weirdness & Mutations

You cannot wear boots.
Your serpentine skin is tough (AC +3).
You have supernaturally acute eyesight.
Armour fits poorly on your strangely shaped body.
Your system is resistant to poisons.
You cover ground very slowly.
You have a slow metabolism.
You can spit poison.


Message History

A centaur comes into view.
Really slither into that cloud of flame?
You are engulfed in roaring flames.
The centaur shouts!
The centaur wields a shortbow.
The centaur shoots an arrow.
The arrow hits you.
There is a radiant altar of Vehumet here.
You see here an arrow.
You coil in front of the altar of Vehumet.
Vehumet welcomes you!
You are engulfed in roaring flames.
* * * LOW HITPOINT WARNING * * *
The centaur shoots an arrow.
The arrow closely misses you.
The centaur shoots an arrow.
The arrow barely misses you.
Evoke which item? (* to show all) (? for menu, Esc to quit)
Zapping:
m - a wand of paralysis (19/24)
Press: ? - help, Shift-Dir - straight line, f - centaur
Aim: a centaur, wielding a shortbow and wearing a tubular marble ring (chance to defeat MR: 46%)
The centaur resists with some effort.
This wand has 18 charges left.
You are engulfed in roaring flames.
You die...

*,,* *,,,,,,,,*
#..# # *,,*
*........# #..#
# *,,*
*........# #<.#
# *,,*
*.....[..####..#
# *,,*
*..........##..#
* *,,*
*,.......#..#..#
* *,,*
*,**#.§(....#..#
* *,,* *,*
#..§.§..#..# *
*,,* *,*
#.§.@..##..# *
*,,* *,*
##.§§§.....# #
*,,****,*
#.........# #
*,,,,,,,*
###.......# #
*,,***,,*
#>.####.# #
***,,* *,,* #.c#
#.##########
,,,,,* *,,* #..#
#...........
,,,,,*
*,,*****#..#
#...........
**,,,*
*,,,,,,,...*
#..#########


You could see a centaur.

Vanquished Creatures
  An orc warlord (Bailey)
  Pikel (D:5)
  Menkaure (D:6)
  4 orc warriors
  3 ice beasts
  A necrophage (D:8)
  4 centaurs
  4 ogres
  4 giant frogs
  Blork the orc (D:6)
  2 scorpions
  5 wights (D:9)
  A crimson imp (D:5)
  A centaur zombie (D:7)
  7 hounds
  A quasit (D:5)
  Crazy Yiuf (D:3)
  A centaur skeleton (D:4)
  2 orc priests
  A jelly (D:6)
  10 orc wizards
  4 iguanas
  4 worker ants
  A killer bee zombie (D:9)
  A hound skeleton (D:3)
  A worker ant zombie (D:7)
  Robin (D:2)
  4 gnolls (Bailey)
  5 adders
  4 shadow imps
  An adder zombie (D:9)
  2 adder skeletons
  5 worms
  2 dart slugs (D:1)
  2 giant geckos
  31 orcs
  4 giant cockroaches
  22 goblins
  8 hobgoblins
  4 jackals (D:8)
  22 kobolds
  10 bats
  4 giant newts
  A quokka zombie (D:5)
  11 rats
210 creatures vanquished.

Vanquished Creatures (others)
  A centaur skeleton (D:5)
  A kobold (Bailey)
2 creatures vanquished.

Grand Total: 212 creatures vanquished

Notes
Turn   | Place    | Note
--------------------------------------------------------------
     0 | D:1      | Jerry the Naga Fire Elementalist began the quest for the Orb.
     0 | D:1      | Reached XP level 1. HP: 15/15 MP: 3/3
   235 | D:1      | Reached XP level 2. HP: 21/22 MP: 0/5
   776 | D:2      | Reached XP level 3. HP: 28/28 MP: 4/6
   780 | D:2      | Noticed Robin
   863 | D:2      | Found a sparkling altar of Nemelex Xobeh.
  1036 | D:2      | Killed Robin
  1206 | D:2      | Reached XP level 4. HP: 36/36 MP: 4/7
  1695 | D:2      | Learned a level 2 spell: Throw Flame
  1699 | D:2      | Learned a level 3 spell: Conjure Flame
  1739 | D:3      | Noticed an ice beast
  1881 | D:3      | Found a glowing silver altar of Zin.
  2029 | D:3      | Reached XP level 5. HP: 10/42 MP: 2/9
  2542 | D:3      | Noticed Crazy Yiuf
  2559 | D:3      | Killed Crazy Yiuf
  2813 | D:3      | Reached XP level 6. HP: 42/49 MP: 1/11
  3260 | D:4      | Found a deep blue altar of Sif Muna.
  3688 | D:4      | Reached skill level 5 in Fire Magic
  3777 | D:5      | Entered Level 5 of the Dungeon
  3813 | D:5      | Reached XP level 7. HP: 20/55 MP: 0/13
  4087 | D:5      | Found an oddly glowing altar of Pakellas.
  4518 | D:5      | Reached skill level 5 in Conjurations
  4744 | D:5      | Noticed a moth of wrath
  4747 | D:5      | Found a bloodstained altar of Trog.
  4937 | D:5      | Noticed Pikel
  4961 | D:5      | Killed Pikel
  4961 | D:5      | Reached skill level 5 in Spellcasting
  4961 | D:5      | Reached XP level 8. HP: 57/62 MP: 0/16
  5347 | D:4      | Identified Sif Muna's Handbook of Enchantment
  5380 | D:6      | Learned a level 4 spell: Sticky Flame
  5380 | D:6      | Noticed Menkaure
  5386 | D:6      | Killed Menkaure
  5473 | D:6      | Found a white marble altar of Elyvilon.
  5751 | D:6      | Reached XP level 9. HP: 68/68 MP: 13/18
  5839 | D:6      | Noticed Blork the orc
  5852 | D:6      | Killed Blork the orc
  5901 | D:6      | Found a staircase to the Ecumenical Temple.
  5911 | Temple   | Entered the Ecumenical Temple
  6302 | D:6      | Found a shattered altar of Ashenzari.
  7362 | D:7      | Learned a level 5 spell: Fireball
  7856 | D:8      | Found a bloodstained altar of Trog.
  8101 | D:8      | Found Foumauhivy's Jewellery Shop.
  8818 | D:8      | Found a stormy altar of Qazlal.
  8825 | D:8      | Bought the brooch of Shielding {Reflect SH+8} for 384 gold pieces
  8856 | D:8      | Reached XP level 10. HP: 68/75 MP: 15/20
  8923 | D:9      | Found a flagged portal.
  8942 | Bailey   | Entered a bailey
  9043 | Bailey   | Noticed an orc warlord
  9179 | Bailey   | Found a runed gate.
  9179 | Bailey   | Found a runed gate.
  9179 | Bailey   | Found a runed gate.
  9446 | Bailey   | HP: 1/112 [orc warlord/war axe (24)]
  9454 | Bailey   | Killed an orc warlord
  9612 | Bailey   | Got a steaming plate armour
  9623 | Bailey   | Identified the +7 plate armour of the Three Eyes {+Blink rC- Str+3 Int+4} (You found it in a bailey)
  9962 | D:9      | Found a radiant altar of Vehumet.
  9969 | D:9      | Became a worshipper of Vehumet
  9970 | D:9      | Engulfed by a cloud of flame

Skill      XL: |  1  2  3  4  5  6  7  8  9 10 |
---------------+-------------------------------+-----
Conjurations   | 2 3 4 6 8 9 |  9.5
Fire Magic     | 4 5 6 7 8 9 |  9.8
Spellcasting   | 3 4 5 6 7 |  7.3
Dodging        | |  1.5
Stealth        | |  3.0

Action                   |  1- 3 |  4- 6 |  7- 9 | 10-12 || total
-------------------------+-------+-------+-------+-------++-------
Melee: Club              |     1 |       |       |       ||     1
       Dagger            |     2 |    23 |     5 |       ||    30
       Quarterstaff      |       |       |     1 |    16 ||    17
 Fire: Hunting sling     |    12 |   136 |   301 |   160 ||   609
Throw: Tomahawk          |    17 |       |       |       ||    17
       Stone             |     1 |       |       |       ||     1
 Cast: Flame Tongue      |    33 |    52 |    36 |       ||   121
       Conjure Flame     |       |     7 |    24 |    10 ||    41
       Throw Flame       |       |     3 |    68 |    11 ||    82
       Sticky Flame      |       |       |    10 |     3 ||    13
 Abil: Spit Poison       |     1 |     8 |     2 |       ||    11
Evoke: Wand              |       |     2 |     5 |     1 ||     8
  Use: Scroll            |       |     7 |    15 |     1 ||    23
       Potion            |       |       |     2 |     4 ||     6
 Stab: Paralysed         |       |     2 |     3 |       ||     5
       Invisible         |       |       |       |     2 ||     2
  Eat: Chunk             |     1 |     6 |    11 |     4 ||    22
       Beef jerky        |       |     1 |       |       ||     1
       Bread ration      |       |       |     1 |       ||     1
Armor: Robe              |     2 |    64 |    12 |    10 ||    88
Dodge: Dodged            |     5 |    82 |    38 |    20 ||   145
Block: Other             |       |       |     1 |     9 ||    10
       Reflection        |       |       |       |     5 ||     5
